 Dungeon Crawl Stone Soup version 0.26-a0-852-g6321bf7485 (webtiles) character file.

Game seed: 10190616432389115138

56 sahdkjhfkaj the Covert (level 3, -4/17 HPs)
             Began as a Felid Delver on Nov 21, 2020.
             Slain by an orc
             ... wielding a +1 war axe of electrocution
              (19 damage)
             ... on level 3 of the Dungeon.
             The game lasted 00:01:25 (985 turns).

sahdkjhfkaj the Covert (Felid Delver)                Turns: 985, Time: 00:01:25

Health: -4/17      AC:  1    Str:  8    XL:     3   Next: 71%
Magic:  4/4        EV: 18    Int: 11    God:
Gold:   0          SH:  0    Dex: 18    Spells: 2/2 levels left
                                        Lives:  0   Deaths: 0

rFire    . . .     SeeInvis +     - Unarmed
rCold    . . .     Faith    .   (shield unavailable)
rNeg     . . .     Spirit   .   (armour unavailable)
rPois    .         Reflect  .   (helmet unavailable)
rElec    .         Harm     .   (cloak unavailable)
rCorr    .         Rampage  .   (gloves unavailable)
MR       .....                  (boots unavailable)
Stlth    +++++.....             (no amulet)
HPRegen  0.05/turn              (no ring)
MPRegen  0.09/turn              (no ring)

@: quick
A: very small, no armour, no weapons or thrown items, stealth, claws 1, fangs 3,
see invisible, speed 1, shaggy fur 1, sharp paws
a: no special abilities


You were on level 3 of the Dungeon.
You visited 1 branch of the dungeon, and saw 3 of its levels.

Inventory:

Jewellery
 c - an uncursed amulet of magic regeneration {unknown}
Wands
 e - a wand of digging (3)
Scrolls
 a - a scroll of fog
 b - a scroll of magic mapping
 f - a scroll of enchant armour {unknown}
Potions
 d - a potion of haste
 g - a potion of ambrosia {unknown}


   Skills:
 - Level 3.0 Fighting
 - Level 2.6 Dodging
 + Level 8.5 Stealth
 - Level 2.0 Unarmed Combat


You had 2 spell levels left.
You didn't know any spells.
Your spell library was empty.

Dungeon Overview and Level Annotations

Branches:
Dungeon (5/15)
 Temple: D:4-7

Altars:
Hepliaklqana

Annotations:
D:4 Pikel
D:5 Menkaure


Innate Abilities, Weirdness & Mutations

You cannot wear armour.
You are incapable of wielding weapons or throwing items.
Your paws allow you to move quietly. (Stealth)
You have sharp claws.
You have razor-sharp teeth.
You have supernaturally acute eyesight. (SInv)
You cover ground quickly.
You are covered in fur. (AC +1)
Your sharp claws are effective at attacking unaware monsters.


Message History

2 poisoned darts; 29 bolts
Things that are here:
a +3 whip; 4 poisoned darts; a kobold corpse You open the door.
Found a hazy altar of Hepliaklqana.
Found an escape hatch in the floor.
A bat comes into view.
A bat is nearby!
A bat is nearby!
The helpless bat fails to defend itself.
You mangle the bat!!
You kill the bat!
No target in view!
No target in view!
An orc comes into view.
It is wielding a +1 war axe of electrocution.
An orc is nearby!
Found a stone staircase leading up.
The orc hits you with a +1 war axe of electrocution.
You are electrocuted!!
Ouch! That really hurt!
You die...

.<..# ...#
...# ..#
..# #.# #o#
##@## #...#
#...#
####...####
#.........#
#.........#
#.........#
####...####
#...#


You could see an orc.

Vanquished Creatures
  An iguana (D:4)
  2 adders
  A leopard gecko (D:4)
  A goblin (D:3)
  2 jackals (D:3)
  2 kobolds (D:3)
  2 bats (D:3)
11 creatures vanquished.

Notes
Turn   | Place    | Note
-------+----------+-------------------------------------------
     0 | D:5      | sahdkjhfkaj the Felid Delver began the quest for the Orb.
     0 | D:5      | Reached XP level 1. HP: 10/10 MP: 2/2
    13 | D:5      | Reached skill level 7 in Stealth
    13 | D:5      | Reached XP level 2. HP: 14/14 MP: 3/3
    43 | D:5      | Noticed Menkaure
   329 | D:4      | Reached skill level 8 in Stealth
   329 | D:4      | Reached XP level 3. HP: 17/17 MP: 4/4
   361 | D:4      | Noticed a lemure
   362 | D:4      | Noticed Pikel
   363 | D:4      | Noticed a lemure
   363 | D:4      | Noticed a lemure
   363 | D:4      | Noticed a lemure
   956 | D:3      | Found a hazy altar of Hepliaklqana.
   985 | D:3      | Slain by an orc

Illustrated notes

Levels and vault maps discovered:
D:3:      layout_loops_ring, general_overflow_altar, st_stairs_5,
          grunt_ministairs_1, uniq_sigmund
D:4:      layout_basic, serial_shops, nicolae_shop_crystal,
          nemelex_spade_bored_becter, uniq_pikel
D:5:      layout_basic, basic_altar, serial_shops, shop,
          nicolae_shop_waterfront, kennysheep_generic_room_9, uniq_menkaure,
          uniq_ijyb

Skill      XL: |  1  2 |
---------------+-------+-----
Stealth        | 7 8 |  8.5
Fighting       | |  3.0
Dodging        | |  2.6
Unarmed Combat | |  2.0

Action                   || total
-------------------------++-------
Melee: Unarmed           ||    28
       Bite              ||     3
       Punch             ||     1
  Use: Scroll            ||     1
 Stab: Sleeping          ||     5
Armor: Skin              ||     4
Dodge: Dodged            ||    41

Table legend: (Time is in decaauts)
 A = Elapsed time spent in this place.
 B = Non-inter-level travel time spent in this place.
 C = Inter-level travel time spent in this place.
 D = Time resting spent in this place.
 E = Time spent auto-exploring this place.
 F = Levels seen in this place.
 G = Mean time per level.
                   A        B        C        D        E       F      G
               +--------+--------+--------+--------+--------+-----+--------+
         Total |    931 |    931 |      0 |    240 |    524 |   3 |  310.3 |
       Dungeon |    931 |    931 |      0 |    240 |    524 |   3 |  310.3 |
               +--------+--------+--------+--------+--------+-----+--------+

Top non-repeatable levels by time:
     D:3: 563 daAuts
     D:4: 309 daAuts
     D:5: 58 daAuts
